 Dungeon Crawl Stone Soup version 0.31-a0-744-gbc345e7fcb (webtiles) character file.

Game seed: 13660423561879980155

4851 Edyrem the Cleaver (level 10, -3/87 (93) HPs)
             Began as a Minotaur Monk on Sept 13, 2023.
             Was a High Priest of Okawaru.
             Slain by a wight
             ... wielding a +3 scimitar of freezing
              (4 damage)
             ... while paralysed by a hornet
             ... on level 9 of the Dungeon.
             The game lasted 00:17:48 (7823 turns).

Edyrem the Cleaver (Minotaur Monk)                  Turns: 7823, Time: 00:17:49

HP:   -3/87 (93)    AC: 16    Str: 22    XL:     10   Next: 25%
MP:   8/9           EV:  2    Int:  7    God:    Okawaru [*****.]
Gold: 147           SH:  0    Dex: 13    Spells: 9/9 levels left

rFire   . . .        a - +1 war axe
rCold   x . .        d - orb {light}
rNeg    + + .        D - +4 ring mail of Caabot {rC- rN+ Str+2}
rPois   .            (helmet restricted)
rElec   .            (no cloak)
rCorr   .            (no gloves)
SInv    .            (no boots)
Will    .....        L - amulet of reflection
Stlth   +            u - ring of positive energy
HPRegen 0.34/turn    i - +4 ring of protection
MPRegen 0.11/turn

%: reflection
@: paralysed, lethally poisoned (-3 -> -7), heroic, glowing, drained
A: horns 2, retaliatory headbutt
a: Renounce Religion, Heroism, Finesse, Duel


You were on level 9 of the Dungeon.
You worshipped Okawaru.
Okawaru was extremely pleased with you.
You visited 1 branch of the dungeon, and saw 9 of its levels.
You also visited: Sewer.

You collected 339 gold pieces.
You spent 192 gold pieces at shops.

Inventory:

Hand Weapons
 a - a +1 war axe (weapon)
 b - the +6 mace of Famine {freeze, Int+8}
   (You bought it in a shop on level 3 of the Dungeon)

   Int+8:     It affects your intelligence (+8).
 e - a +0 sling
 r - a +3 dagger
 t - a +0 whip of flaming
 E - a +0 short sword of venom
Missiles
 m - 13 poisoned darts (quivered)
 q - 3 darts of dispersal
 A - a throwing net
 J - a boomerang
 K - 4 javelins
Armour
 d - an orb of light (worn)
 f - a +0 scale mail
 o - a +0 plate armour
 y - a +0 kite shield
 D - the +4 ring mail of Caabot (worn) {rC- rN+ Str+2}
   (You found it in a sewer)

   Str+2:     It affects your strength (+2).
   rC-:       It makes you vulnerable to cold.
   rN+:       It protects you from negative energy.
Jewellery
 i - a +4 ring of protection (right hand)
 u - a ring of positive energy (left hand)
 I - an amulet of regeneration
 L - an amulet of reflection (around neck)
Wands
 x - a wand of acid (6)
 M - a wand of iceblast (7)
Scrolls
 g - a scroll of fear
 j - 4 scrolls of identify {@r1}
 n - a scroll of immolation
 v - a scroll of enchant weapon
 C - 3 scrolls of teleportation
Potions
 c - 2 potions of ambrosia
 h - a potion of brilliance {unknown}
 k - a potion of cancellation {unknown}
 l - 2 potions of degeneration {unknown}
 p - a potion of attraction {unknown}
 s - 2 potions of heal wounds {unknown}
 z - 3 potions of enlightenment {unknown}
 B - a potion of lignification {unknown}
 F - a potion of invisibility {unknown}
 G - 5 potions of curing {@q2}


   Skills:
 + Level 9.8(14.8) Fighting
 * Level 11.1(17.0) Axes
 - Level 7.2(15.1) Maces & Flails
 + Level 9.0(14.0) Armour
 - Level 3.2(8.2) Dodging


You had 9 spell levels left.
You didn't know any spells.
Your spell library contained the following spells:

 Spells                   Type           Power      Damage    Failure   Level
 Blink                    Tloc           0%         N/A       69%         2
 Lesser Beckoning         Tloc           0%         N/A       69%         2
 Momentum Strike          Conj/Tloc      0%         3d8       69%         2


Dungeon Overview and Level Annotations

Branches:
Dungeon (9/15)             Temple (0/1) D:7           Sewer (visited)
   Lair: D:8-11         Orc: D:9-12

Altars:
Dithmenos
Hepliaklqana
Okawaru
Trog
Xom
The Shining One

Shops:
D:3 *


Innate Abilities, Weirdness & Mutations

You have a pair of horns on your head.
You reflexively headbutt those who attack you in melee.


Message History

The hornet is lightly wounded.
You slash the wight! You hit the wight but do no damage.
You feel yourself speed up. You block the hornet's attack.
The hornet misses you. The wight closely misses you. You furiously retaliate!
You headbutt the wight!
You destroy the wight!
Okawaru accepts your kill.
The wight hits you with a +3 scimitar of freezing.
You partially resist.
You feel drained. The wight freezes you.
Your base Armour skill increases to level 9!
You slash the hornet! Your headbutt misses the hornet.
The hornet is moderately wounded.
You barely miss the wight. You completely miss the wight.
The hornet stings you.
You are poisoned.
You suddenly lose the ability to move!
The wight hits you with a +3 scimitar of freezing!
You partially resist.
You feel drained. The wight freezes you.
* * * LOW HITPOINT WARNING * * *
The wight hits you but does no damage.
You feel sick.
The hornet stings you but does no damage. x2
The wight hits you with a +3 scimitar of freezing!
* * * LOW HITPOINT WARNING * * *
You partially resist.
You feel drained. The wight freezes you.
* * * LOW HITPOINT WARNING * * *
The wight hits you but does no damage.
* * * LOW HITPOINT WARNING * * *
You feel sick.
The hornet stings you but does no damage.
The wight hits you with a +3 scimitar of freezing.
* * * LOW HITPOINT WARNING * * *
You partially resist.
You feel drained. The wight freezes you.
* * * LOW HITPOINT WARNING * * *
The wight hits you but does no damage.
* * * LOW HITPOINT WARNING * * *
You feel sick.
The hornet stings you but does no damage. x2
The wight hits you with a +3 scimitar of freezing.
You die...

#...### #..... #.....
###### #.... ......
#.... ###### #####...###
..........# ###
########...###########..
.....zz@................
.....oyz..............>#
.....oo##########.......
....... #.####.# .......
#.# #†# ....... #.# #.#
....... #.# #.# ....[..
#.# #.# #.# #.#


You could see a hornet, 3 wights, an orc priest, an orc wizard and an orc.

Vanquished Creatures
  Pikel (D:4)
  Sigmund (D:4)
  A wyvern (D:8)
  4 yaks (D:7)
  A water moccasin (D:7)
  3 ice beasts
  2 black bears
  An orc warrior (D:6)
  Pargi (Sewer)
  2 sky beasts
  4 centaurs
  3 lemures (D:4)
  A kobold brigand (D:8)
  3 phantoms
  6 bullfrogs
  2 gnoll sergeants
  A scorpion (D:5)
  5 wights
  2 howler monkeys
  3 jellies
  10 orc priests
  A gnoll bouda (D:8)
  A hound (D:7)
  3 iguanas
  6 orc wizards
  15 gnolls
  13 adders
  2 river rats (D:6)
  A shadow imp (D:6)
  A white imp (D:7)
  5 worms
  3 dart slugs
  33 orcs
  6 ball pythons
  5 endoplasms
  6 giant cockroaches
  5 goblins
  5 hobgoblins
  3 jackals (D:1)
  8 quokkas
  6 bats
  2 frilled lizards
  12 kobolds
  7 rats
206 creatures vanquished.

Notes
Turn   | Place    | Note
-------+----------+-------------------------------------------
     0 | D:1      | Edyrem the Minotaur Monk began the quest for the Orb.
     0 | D:1      | Reached XP level 1. HP: 19/19 MP: 0/0
   155 | D:1      | Reached skill level 4 in Axes
   158 | D:1      | Reached XP level 2. HP: 26/27 MP: 1/1
   164 | D:1      | Reached skill level 1 in Armour
   716 | D:2      | Reached XP level 3. HP: 33/33 MP: 2/2
   971 | D:2      | Found a shimmering altar of Xom.
  1671 | D:3      | Reached skill level 5 in Axes
  1671 | D:3      | Reached XP level 4. HP: 35/41 MP: 3/3
  1868 | D:3      | Reached XP level 5. HP: 26/47 MP: 4/4
  1970 | D:3      | Found Bif Sack's Assorted Antiques.
  2134 | D:3      | Found a hazy altar of Hepliaklqana.
  2135 | D:3      | Found a shadowy altar of Dithmenos.
  2136 | D:3      | Noticed a shadow
  2341 | D:4      | Found a glowing golden altar of the Shining One.
  2341 | D:4      | Found an iron altar of Okawaru.
  2386 | D:4      | Became a worshipper of Warmaster Okawaru
  2386 | D:4      | Reached * piety under Okawaru
  2386 | D:4      | Reached ** piety under Okawaru
  2415 | D:4      | Reached skill level 6 in Axes
  2526 | D:4      | Noticed a black bear
  2527 | D:4      | Noticed Pikel
  2527 | D:4      | Noticed a lemure
  2536 | D:4      | Noticed a lemure
  2545 | D:4      | Noticed a lemure
  2567 | D:4      | Killed a black bear
  2568 | D:4      | Reached skill level 5 in Fighting
  2568 | D:4      | Reached XP level 6. HP: 43/56 MP: 5/5
  2678 | D:4      | Noticed Sigmund
  2686 | D:4      | Killed Sigmund
  2687 | D:4      | Reached skill level 7 in Axes
  2725 | D:4      | Reached XP level 7. HP: 58/62 MP: 6/6
  2974 | D:4      | Reached *** piety under Okawaru
  3123 | D:4      | Killed Pikel
  3123 | D:4      | Reached **** piety under Okawaru
  3124 | D:4      | Reached skill level 9 in Axes
  3124 | D:4      | Reached skill level 5 in Armour
  3124 | D:4      | Reached XP level 8. HP: 14/71 MP: 7/7
  3710 | D:5      | Entered Level 5 of the Dungeon
  4739 | D:6      | Reached skill level 10 in Axes
  4888 | D:6      | Found a glowing drain.
  4895 | Sewer    | Entered a sewer
  4968 | Sewer    | Noticed Pargi
  4978 | Sewer    | Killed Pargi
  5045 | Sewer    | Identified the +4 ring mail of Caabot {rC- rN+ Str+2}
  5241 | D:3      | Bought a brightly glowing mace for 192 gold pieces
  5241 | D:3      | Identified the +6 mace of Famine {freeze, Int+8} (You
                  | bought it in a shop on level 3 of the Dungeon)
  5308 | D:6      | Reached skill level 1 in Maces & Flails
  5310 | D:6      | Reached XP level 9. HP: 79/81 MP: 8/8
  5329 | D:6      | Received a gift from Okawaru
  5817 | D:6      | Reached ***** piety under Okawaru
  6150 | D:7      | Reached skill level 5 in Maces & Flails
  6199 | D:7      | Received a gift from Okawaru
  6529 | D:7      | Found a staircase to the Ecumenical Temple.
  6899 | D:7      | Found a bloodstained altar of Trog.
  6996 | D:8      | Reached XP level 10. HP: 91/91 MP: 9/9
  7452 | D:8      | Reached skill level 11 in Axes
  7816 | D:9      | Paralysed by a hornet for 3 turns
  7820 | D:9      | Paralysed by a hornet for 3 turns
  7822 | D:9      | HP: 2/89 [wight/+3 scimitar of freezing (3)]
  7823 | D:9      | Slain by a wight

Illustrated notes

Levels and vault maps discovered:
D:1:      orjb1_clovarrival, layout_loops_cross, minmay_indecisive_spiral
D:2:      layout_loops_corners, basic_altar
D:3:      layout_rooms, riverfiend_overflow_shadow_ancestor, serial_shops,
          nicolae_diamond_shop, nicolae_half_adder
D:4:      layout_basic, gammafunk_temple_overflow_wave, grunt_ministairs_9,
          palyth_stone_intersect, minmay_quantized, uniq_sigmund, uniq_pikel
D:5:      layout_basic, chequers_serial_rivers_micro_b
D:6:      layout_loops_ring, gup_sewer_entry_spiral, grunt_ministairs_5,
          minivault_25, kennysheep_generic_room_3
D:7:      layout_gridville, minmay_temple_entry_glass, david_defended_altar_orc
D:8:      minmay_inner_zag, layout_basic
D:9:      gammafunk_jiyva_shrine, layout_basic, nicolae_nh_ransacked_shop

Skill      XL: |  1  2  3  4  5  6  7  8  9 10 |
---------------+-------------------------------+-----
Axes           | 4 5 6 7 9 10 11 | 11.1
Armour         | 1 2 3 4 5 6 8 9 |  9.0
Fighting       | 4 5 6 7 9 |  9.8
Maces & Flails | 1 7 |  7.2
Dodging        | |  3.2

Action                     |  1- 3 |  4- 6 |  7- 9 | 10-12 || total
---------------------------+-------+-------+-------+-------++-------
  Melee: Hand axe          |    84 |   112 |    55 |       ||   251
         Headbutt          |    18 |    21 |    61 |    15 ||   115
         War axe           |       |       |    95 |    42 ||   137
         Mace              |       |       |    78 |    17 ||    95
 Invoke: Heroism           |       |       |     1 |     1 ||     2
    Use: Scroll            |       |       |     3 |     8 ||    11
 Armour: Scale mail        |    38 |       |       |       ||    38
         Robe              |     2 |       |       |       ||     2
         Plate armour      |    32 |   115 |   131 |       ||   278
         Ring mail         |       |       |    69 |    62 ||   131
  Dodge: Dodged            |    34 |    28 |    99 |    38 ||   199
  Block: Orb               |       |       |     9 |    20 ||    29
         Reflection        |       |       |       |     4 ||     4

Table legend: (Time is in decaauts)
 A = Elapsed time spent in this place.
 B = Non-inter-level travel time spent in this place.
 C = Inter-level travel time spent in this place.
 D = Time resting spent in this place.
 E = Time spent auto-exploring this place.
 F = Levels seen in this place.
 G = Mean time per level.
                   A        B        C        D        E       F      G
               +--------+--------+--------+--------+--------+-----+--------+
         Total |   7866 |   7434 |    432 |    675 |   5391 |  10 |  786.6 |
       Dungeon |   7672 |   7240 |    432 |    675 |   5255 |   9 |  852.4 |
         Sewer |    193 |    193 |      0 |      0 |    136 |   1 |  193.0 |
               +--------+--------+--------+--------+--------+-----+--------+

Top non-repeatable levels by time:
     D:4: 1504 daAuts
     D:6: 1072 daAuts
     D:5: 1071 daAuts
     D:2: 929 daAuts
     D:7: 866 daAuts
     D:8: 728 daAuts
     D:3: 700 daAuts
     D:1: 689 daAuts
   Sewer: 193 daAuts
     D:9: 111 daAuts
